 Dungeon Crawl Stone Soup version 0.26.1-11-gd32895ea62 (webtiles) character file.

Game seed: 6456270919555861930

196 Almogavar the Fighter (level 5, -2/57 HPs)
             Began as a Gnoll Wanderer on Apr 14, 2021.
             Killed by divine providence
             ... invoked by an orc priest
              (12 damage)
             ... on level 3 of the Dungeon.
             The game lasted 00:07:57 (2702 turns).

Almogavar the Fighter (Gnoll Wanderer)              Turns: 2702, Time: 00:07:58

Health: -2/57      AC: 10    Str: 19    XL:     5   Next: 75%
Magic:  16/16      EV: 11    Int: 12    God:
Gold:   110        SH:  0    Dex: 13    Spells: 7/7 levels left

rFire    . . .     SeeInvis .   k - +1 mace (drain)
rCold    . . .     Faith    .   (no shield)
rNeg     . . .     Spirit   .   c - +0 ring mail
rPois    .         Reflect  .   u - +0 helmet
rElec    .         Harm     .   s - +1 cloak
rCorr    .         Rampage  .   e - +0 pair of gloves
Will     .....                  (no boots)
Stlth    ++........             (no amulet)
HPRegen  0.19/turn              o - ring of magical power
MPRegen  0.15/turn              l - ring of stealth

@: no status effects
A: distributed training, fangs 1, strong nose
a: no special abilities


You were on level 3 of the Dungeon.
You visited 1 branch of the dungeon, and saw 3 of its levels.

You collected 110 gold pieces.

Inventory:

Hand Weapons
 a - a +2 shortbow
 k - a +1 mace of draining (weapon)
Missiles
 b - 57 arrows
Armour
 c - a +0 ring mail (worn)
 e - a +0 pair of gloves (worn)
 q - a +0 chain mail
 r - a cursed +0 plate armour
 s - a +1 cloak (worn)
 u - a +0 helmet (worn)
Jewellery
 l - a ring of stealth (right hand)
 o - a ring of magical power (left hand)
Wands
 w - a wand of paralysis (6)
Scrolls
 m - a scroll of enchant weapon
 p - a scroll of blinking {unknown}
 v - a scroll of fog {unknown}
 x - a scroll of magic mapping {unknown}
Potions
 f - a potion of cancellation {unknown}
 i - a potion of lignification {unknown}
 j - a potion of flight {unknown}
 n - a potion of might {unknown}
 t - a potion of magic {unknown}


   Skills:
 + Level 12.1 Fighting
 + Level 1.6 Short Blades
 + Level 1.6 Long Blades
 + Level 1.6 Axes
 + Level 1.6 Maces & Flails
 + Level 1.6 Polearms
 + Level 1.6 Staves
 + Level 1.6 Slings
 + Level 3.0 Bows
 + Level 1.6 Crossbows
 + Level 4.8 Throwing
 + Level 3.0 Armour
 + Level 1.6 Dodging
 + Level 1.6 Stealth
 + Level 1.6 Shields
 + Level 1.6 Unarmed Combat
 + Level 1.6 Spellcasting
 + Level 1.3 Conjurations
 + Level 1.3 Hexes
 + Level 1.3 Summonings
 + Level 1.3 Necromancy
 + Level 1.3 Translocations
 + Level 1.3 Transmutations
 + Level 1.3 Fire Magic
 + Level 1.3 Ice Magic
 + Level 1.3 Air Magic
 + Level 1.3 Earth Magic
 + Level 1.3 Poison Magic
 + Level 1.8 Invocations
 + Level 1.6 Evocations


You had 7 spell levels left.
You didn't know any spells.
Your spell library was empty.

Dungeon Overview and Level Annotations

Branches:
Dungeon (3/15)

Altars:
Kikubaaqudgha
Sif Muna
Uskayaw
The Shining One


Innate Abilities, Weirdness & Mutations

Your experience applies equally to all skills.
You have very sharp teeth.
Your uncanny sense of smell can sniff out nearby items.


Message History

As you read the scroll labelled YMOOTO XIOXIAD, it crumbles to dust.
It is a scroll of enchant weapon.
Your +0 mace of draining glows red for a moment.
The orc warrior barely misses you.
The orc priest calls upon Beogh to heal the orc warrior.
The orc warrior is healed somewhat.
You hit the orc warrior.
The orc warrior is heavily wounded.
The orc warrior barely misses you.
Okay, then.
Okay, then.
As you read the scroll labelled JEIKESTR XEMN, it crumbles to dust.
The creatures around you are filled with an inner flame!
It was a scroll of immolation.
The orc warrior closely misses you.
You hear a shout!
The orc priest casts a cantrip, but nothing happens.
The orc priest looks encouraged for a moment.
The orc priest mumbles some strange prayers to Beogh against you.
Beogh smites you!
You die...

.......##.##............##
.......##.###..........####
.......##.#......)........#
.......##.................#
....##..##...÷............#
....###.##......#...<.[..[#
..#.............÷..##÷#####
#.............###..##.#
#.#####....#..o.@.....# ..#
#....#..###...###
.######.oo.o..# #...#
o..o.oo....#..##..#..#
.###..###.##.###.###...
####......##.# #. #...
##....######.# . ...
.............. ..
.............#


You could see an orc warrior (inner flame, drained), an orc priest (inner flame)
and an orc (inner flame).

Vanquished Creatures
  2 orc wizards (D:3)
  Robin (D:2)
  5 adders
  A dart slug (D:1)
  A leopard gecko (D:1)
  4 orcs
  7 bats
  5 giant cockroaches
  16 goblins
  6 hobgoblins
  4 jackals (D:2)
  7 kobolds
  A ball python (D:1)
  6 frilled lizards
  7 rats
73 creatures vanquished.

Notes
Turn   | Place    | Note
-------+----------+-------------------------------------------
     0 | D:1      | Reached skill level 12 in Fighting
     0 | D:1      | Almogavar the Gnoll Wanderer began the quest for the Orb.
     0 | D:1      | Almogavar set off with the following items: a +2 shortbow,
                  | 27 arrows, a +0 ring mail, a potion of curing
     0 | D:1      | Reached XP level 1. HP: 31/31 MP: 1/1
   308 | D:1      | Reached XP level 2. HP: 38/38 MP: 2/2
  1208 | D:2      | Reached XP level 3. HP: 44/44 MP: 3/3
  1324 | D:2      | Found a hide-covered altar of Uskayaw.
  1327 | D:2      | Found an ancient bone altar of Kikubaaqudgha.
  1334 | D:2      | Found a shimmering blue altar of Sif Muna.
  1402 | D:2      | Reached skill level 1 in Invocations
  1561 | D:2      | Noticed Robin
  1563 | D:2      | Reached skill level 1 in Short Blades
  1563 | D:2      | Reached skill level 1 in Long Blades
  1563 | D:2      | Reached skill level 1 in Axes
  1563 | D:2      | Reached skill level 1 in Maces & Flails
  1563 | D:2      | Reached skill level 1 in Polearms
  1563 | D:2      | Reached skill level 1 in Staves
  1563 | D:2      | Reached skill level 1 in Slings
  1563 | D:2      | Reached skill level 1 in Crossbows
  1563 | D:2      | Reached skill level 1 in Dodging
  1563 | D:2      | Reached skill level 1 in Stealth
  1563 | D:2      | Reached skill level 1 in Shields
  1563 | D:2      | Reached skill level 1 in Unarmed Combat
  1563 | D:2      | Reached skill level 1 in Spellcasting
  1563 | D:2      | Reached skill level 1 in Evocations
  1571 | D:2      | Killed Robin
  1572 | D:2      | Reached XP level 4. HP: 34/51 MP: 5/5
  1826 | D:2      | Found a glowing golden altar of the Shining One.
  1896 | D:2      | Reached skill level 1 in Conjurations
  1896 | D:2      | Reached skill level 1 in Hexes
  1896 | D:2      | Reached skill level 1 in Summonings
  1896 | D:2      | Reached skill level 1 in Necromancy
  1896 | D:2      | Reached skill level 1 in Translocations
  1896 | D:2      | Reached skill level 1 in Transmutations
  1896 | D:2      | Reached skill level 1 in Fire Magic
  1896 | D:2      | Reached skill level 1 in Ice Magic
  1896 | D:2      | Reached skill level 1 in Air Magic
  1896 | D:2      | Reached skill level 1 in Earth Magic
  1896 | D:2      | Reached skill level 1 in Poison Magic
  2196 | D:3      | Reached XP level 5. HP: 38/57 MP: 7/7
  2593 | D:3      | Found a faded altar of an unknown god.
  2657 | D:3      | Noticed an orc warrior
  2702 | D:3      | Killed from afar by an orc priest

Illustrated notes

Levels and vault maps discovered:
D:1:      minmay_arrival_stone_box, layout_basic, interstate_on_off
D:2:      layout_basic, grunt_temple_overflow_open, general_overflow_altar,
          minmay_pentomino_pile, uniq_robin
D:3:      layout_rooms, chequers_ecumenical_altar_simple

Skill      XL: |  1  2  3  4  5 |
---------------+----------------+-----
Fighting       | | 12.1
Invocations    | 1 |  1.8
Short Blades   | 1 |  1.6
Long Blades    | 1 |  1.6
Axes           | 1 |  1.6
Maces & Flails | 1 |  1.6
Polearms       | 1 |  1.6
Staves         | 1 |  1.6
Slings         | 1 |  1.6
Crossbows      | 1 |  1.6
Dodging        | 1 |  1.6
Stealth        | 1 |  1.6
Shields        | 1 |  1.6
Unarmed Combat | 1 |  1.6
Spellcasting   | 1 |  1.6
Evocations     | 1 |  1.6
Conjurations   | 1 |  1.3
Hexes          | 1 |  1.3
Summonings     | 1 |  1.3
Necromancy     | 1 |  1.3
Translocations | 1 |  1.3
Transmutations | 1 |  1.3
Fire Magic     | 1 |  1.3
Ice Magic      | 1 |  1.3
Air Magic      | 1 |  1.3
Earth Magic    | 1 |  1.3
Poison Magic   | 1 |  1.3
Bows           | 3 |  3.0
Armour         | 3 |  3.0
Throwing       | |  4.8

Action                   |  1- 3 |  4- 6 || total
-------------------------+-------+-------++-------
Melee: Mace              |       |    25 ||    25
 Fire: Shortbow          |    84 |    76 ||   160
  Use: Scroll            |     1 |     4 ||     5
       Potion            |       |     1 ||     1
Armor: Ring mail         |    14 |    17 ||    31
Dodge: Dodged            |    20 |    28 ||    48
